 Dungeon Crawl Stone Soup version 0.22-a0-430-g6609fc6 (webtiles) character file.

158 raistware the Magician (level 5, -7/35 HPs)
             Began as a Mummy Wizard on May 26, 2018.
             Killed by divine providence
             ... invoked by an orc priest
              (10 damage)
             ... on level 4 of the Dungeon.
             The game lasted 00:07:24 (2650 turns).

raistware the Magician (Mummy Wizard)               Turns: 2650, Time: 00:07:25

Health: -7/35      AC:  4    Str: 10    XL:     5   Next: 16%
Magic:  4/11       EV: 12    Int: 19    God:
Gold:   153        SH:  0    Dex: 10    Spells: 2/13 levels left

rFire    x . .     SeeInvis .   c - +0 spear
rCold    + . .     Gourm    .   (no shield)
rNeg     + + +     Faith    .   a - +0 robe
rPois    ∞         Spirit   .   b - +0 hat
rElec    .         Reflect  .   (no cloak)
rCorr    .         Harm     .   o - +1 pair of gloves
MR       .....     Rnd*Tele +   (no boots)
Stlth    ++........             (no amulet)
HPRegen  0.11/turn              h - ring of teleportation (curse)
MPRegen  0.12/turn              m - +6 ring of slaying

@: about to teleport, very slightly contaminated
A: no food or potions, fire vulnerability, cold resistance 1, negative energy
resistance 3, torment resistance, unbreathing
a: no special abilities


You were on level 4 of the Dungeon.
You were not hungry.

You visited 1 branch of the dungeon, and saw 4 of its levels.

You collected 153 gold pieces.

Inventory:

Hand Weapons
 c - a +0 spear (weapon)
Missiles
 f - 2 javelins (quivered)
Armour
 a - a +0 robe (worn)
 b - a +0 hat (worn)
 o - a +1 pair of gloves (worn)
Jewellery
 h - a cursed ring of teleportation (left hand)
 m - a +6 ring of slaying (right hand)
 p - a +1 ring of evasion
Scrolls
 d - a scroll of enchant weapon
 g - 3 scrolls of identify
 i - 2 scrolls of noise {unknown}
 j - a scroll of amnesia {unknown}
 k - 4 scrolls of teleportation
 l - 2 scrolls of magic mapping {unknown}
 n - 2 scrolls of fog {unknown}


   Skills:
 - Level 2.0 Dodging
 - Level 2.0 Stealth
 + Level 4.6 Spellcasting
 + Level 2.9 Conjurations
 - Level 1.0 Summonings
 - Level 1.0 Translocations
 + Level 1.2 Fire Magic


You had 2 spell levels left.
You knew the following spells:

 Your Spells              Type           Power        Failure   Level  Hunger
a - Magic Dart            Conj           ###.         3%          1    N/A
b - Blink                 Tloc           N/A          13%         2    N/A
c - Call Imp              Summ           #.......     13%         2    N/A
d - Conjure Flame         Conj/Fire      ##......     16%         3    N/A
e - Mephitic Cloud        Conj/Pois/Air  #.......     26%         3    N/A

Your spell library contained the following spells:

 Spells                   Type           Power        Failure   Level  Hunger
 Slow                     Hex            #.......     21%         2    N/A

Dungeon Overview and Level Annotations

Branches:
Dungeon (4/15)
 Temple: D:4-7

Altars:
Fedhas


Innate Abilities, Weirdness & Mutations

You do not eat or drink.
Your flesh is vulnerable to fire.
You are immune to poison.
Your flesh is cold resistant. (rC+)
You are immune to negative energy. (rN+++)
You are immune to unholy pain and torment.
You can survive without breathing.


Message History

* * * LOW HITPOINT WARNING * * *
Things that are here:
a club; a leather armour The frilled lizard hisses angrily.
An orc comes into view. It is wielding a flail.
The orc shouts! x2
Okay, then.
As you read the scroll labeled RUW EZAOTIHUESS, it crumbles to dust.
It is a scroll of identify.
d - a scroll of enchant weapon
As you read the scroll labeled NEIBUE DIUDEM, it crumbles to dust.
It is a scroll of enchant armour.
Your +0 pair of gloves glows green for a moment.
The orc barely misses you.
As you read the scroll labeled NAFYHA FIEH, it crumbles to dust.
You feel strangely unstable.
It was a scroll of teleportation.
The orc barely misses you. The orc hits you but does no damage.
The orc priest calls down the wrath of Beogh upon you.
Beogh smites you!
You die...

####### ......#
......# ###......#
#.o..o.... ## #
#@#....... .# #+#.
#o#######. o<
....#####o###########o
#
.........lo..o.oo....
. ...#.....#########.#
#...[{# #.# +.....#
####'## #.....#
#..oo.# ..?....#
#.....+


You could see an orc priest, 4 orcs and a frilled lizard.

Vanquished Creatures
  Jessica (D:2)
  A worker ant (D:4)
  2 adders (D:3)
  A worm (D:2)
  2 dart slugs (D:1)
  3 leopard geckos (D:3)
  10 orcs
  A ball python (D:2)
  8 bats
  A giant cockroach (D:3)
  7 goblins
  9 hobgoblins
  3 jackals (D:3)
  9 kobolds
  2 frilled lizards
  8 rats
68 creatures vanquished.

Notes
Turn   | Place    | Note
-------+----------+-------------------------------------------
     0 | D:1      | raistware the Mummy Wizard began the quest for the Orb.
     0 | D:1      | Reached XP level 1. HP: 13/13 MP: 5/5
     4 | D:1      | Reached skill level 1 in Conjurations
   419 | D:2      | Reached XP level 2. HP: 19/19 MP: 5/7
   423 | D:2      | Learned a level 2 spell: Blink
   426 | D:2      | Learned a level 2 spell: Call Imp
  1123 | D:2      | Found a faded altar of an unknown god.
  1220 | D:2      | Reached XP level 3. HP: 24/24 MP: 6/8
  1225 | D:2      | Learned a level 3 spell: Conjure Flame
  1355 | D:2      | Noticed Jessica
  1380 | D:2      | Killed Jessica
  1380 | D:2      | Reached skill level 1 in Summonings
  1380 | D:2      | Reached skill level 1 in Translocations
  1648 | D:2      | Reached XP level 4. HP: 30/30 MP: 10/10
  1964 | D:3      | Found a blossoming altar of Fedhas.
  2229 | D:3      | Reached skill level 1 in Fire Magic
  2540 | D:3      | Learned a level 3 spell: Mephitic Cloud
  2629 | D:4      | Reached XP level 5. HP: 31/35 MP: 1/11
  2650 | D:4      | Killed from afar by an orc priest

Vault maps used:
D:1:      dpeg_arrival_round_c
D:2:      serial_forest, infiniplex_forest_lined_room_3,
          infiniplex_forest_clump_double, infiniplex_forest_clump_medium,
          infiniplex_forest_lined_3, infiniplex_forest_lined_room_2,
          infiniplex_forest_clump_double, infiniplex_forest_straight_5,
          infiniplex_forest_end_3, infiniplex_forest_clump_medium,
          chequers_ecumenical_altar_simple_redux, first_ration, uniq_jessica
D:3:      fedhas_altar_1
D:4:      serial_shops, nicolae_shop_waterfront

Skill      XL: |  1  2  3  4 |
---------------+-------------+-----
Conjurations   | 1 2 |  2.9
Summonings     | 1 |  1.0
Translocations | 1 |  1.0
Stealth        | 2 |  2.0
Dodging        | 2 |  2.0
Fire Magic     | 1 |  1.2
Spellcasting   | |  4.6

Action                   |  1- 3 |  4- 6 || total
-------------------------+-------+-------++-------
Melee: Spear             |    66 |    84 ||   150
       Unarmed           |     5 |       ||     5
 Cast: Magic Dart        |    47 |       ||    47
       Conjure Flame     |       |     1 ||     1
       Mephitic Cloud    |       |     1 ||     1
  Use: Scroll            |       |     3 ||     3
 Stab: Sleeping          |     5 |     1 ||     6
Armor: Robe              |    25 |     6 ||    31
Dodge: Dodged            |    56 |    47 ||   103

Table legend:
 A = Spawn XP
 B = Non-spawn XP
 C = Spawn XP percentage of total XP
 D = Spawn monster count
 E = Non-spawn monster count
 F = Spawn count percentage of total count
 G = Total turns spent on level
                    A         B        C        D         E        F      G
               +---------+---------+-------+---------+---------+-------+---------
         Total |       0 |     227 |   0.0 |       0 |      68 |   0.0 |  2650
               +---------+---------+-------+---------+---------+-------+---------
           D:1 |       0 |      26 |   0.0 |       0 |      13 |   0.0 |   632
           D:2 |       0 |      71 |   0.0 |       0 |      21 |   0.0 |  1224
           D:3 |       0 |      87 |   0.0 |       0 |      30 |   0.0 |   685
           D:4 |       0 |      43 |   0.0 |       0 |       4 |   0.0 |   109
               +---------+---------+-------+---------+---------+-------+---------
